 Dungeon Crawl Stone Soup version 0.28.0-43-g3370ac3207 (console) character file.

Game seed: 2168411128548599740

318 123 the Skirmisher (level 6, -7/57 HPs)
             Began as a Minotaur Fighter on Mar 18, 2022.
             Mangled by an ogre
             ... wielding a +0 giant spiked club
              (20 damage)
             ... on level 3 of the Dungeon.
             The game lasted 00:24:03 (2455 turns).

123 the Skirmisher (Minotaur Fighter)               Turns: 2455, Time: 00:24:04

Health: -7/57      AC:  7    Str: 22    XL:     6   Next: 21%
Magic:  5/5        EV:  9    Int:  5    God:
Gold:   166        SH:  5    Dex: 10    Spells: 5/5 levels left

rFire   . . .      SeeInvis .   a - +0 war axe {axe}
rCold   . . .      Faith    .   c - +0 buckler
rNeg    . . .      Spirit   .   b - +0 scale mail
rPois   .          Reflect  .   (helmet restricted)
rElec   .          Harm     .   (no cloak)
rCorr   .          Rampage  .   (no gloves)
Will    .....                   (no boots)
Stlth   ..........              (no amulet)
HPRegen 0.19/turn               (no ring)
MPRegen 0.09/turn               (no ring)

@: no status effects
A: horns 2, retaliatory headbutt
a: no special abilities


You were on level 3 of the Dungeon.
You visited 1 branch of the dungeon, and saw 3 of its levels.

You collected 166 gold pieces.


Innate Abilities, Weirdness & Mutations

You have a pair of horns on your head.
You reflexively headbutt those who attack you in melee.


   Skills:
 * Level 6.0 Fighting
 + Level 4.1 Axes
 + Level 5.0 Armour
 + Level 4.9 Shields


You had 5 spell levels left.
You didn't know any spells.
Your spell library contained the following spells:

 Spells                   Type           Power      Damage    Failure   Level
 Ignite Poison            Fire/Tmut/Pois 0%         N/A       99%         3
 Mephitic Cloud           Conj/Pois/Air  0%         N/A       99%         3
 Freezing Cloud           Conj/Ice/Air   0%         6-21      100%        5

Inventory:

Hand Weapons
 a - a +0 war axe (weapon) {axe}
 j - a +0 dagger of holy wrath {short}
   (You took it off a kobold on level 2 of the Dungeon)
 m - a +0 scythe {polearm}
   (You took it off Sigmund on level 2 of the Dungeon)
Missiles
 e - 87 stones (quivered) {throwing}
 l - 26 bolts
 o - 2 boomerangs {throwing}
 r - 17 arrows
 s - 4 atropa-tipped darts {throwing}
Armour
 b - a +0 scale mail (worn)
 c - a +0 buckler (worn)
 f - a +0 ring mail
   (You found it on level 1 of the Dungeon)
Wands
 n - a wand of mindburst (2)
   (You found it on level 3 of the Dungeon)
Scrolls
 g - a scroll of blinking {!r}
 i - a scroll of enchant armour {unknown}
Potions
 d - 2 potions of might
 p - a potion of haste {@q3}

Dungeon Overview and Level Annotations

Branches:
Dungeon (3/15)

Altars:
Nemelex Xobeh

#...................#####
########.................
#..........# #..........#
#..........##### #
#..............# #.
#.........####.## #.
#.........## .# #.###
#..........####$#####....
#.......O#..............#
#.......@##...#..###.....
##########.......####.#..
#..................
#>.#####.######..## ###
#.# #... #.# #.#.. #.# #.
#. #.# #.##. #.## #.#..
#..# #.... ##.#####..##


You could see an ogre.


Message History

You hit the hound.
You kill the hound!
Your Fighting skill increases to level 6!
Your Armour skill increases to level 5! 😕 HP[+1]
e - 87 stones {throwing} (gained 1)
q - 2 murky black potions 😕 HP[+1] 😎 HP[+1]
Your hp is fully restored (57).
r - 17 arrows
s - 4 atropa-tipped darts {throwing}
There are no items here.
Found a stone staircase leading down.
A bat comes into view.
The bat hits you but does no damage. x2
You barely miss the bat. You block the bat's attack. The bat misses you.
The bat hits you. 😕 HP[-1]
You take 1 damage, and now have 56/57 hp.
You slash the bat!
You kill the bat! 😎 HP[+1]
Your hp is fully restored (57).
Found a stone staircase leading up.
You now have 166 gold pieces (gained 14).
A dart slug comes into view.
The dart slug launches a dart at you. The slug dart hits you. 😕 HP[-1]
You take 1 damage, and now have 56/57 hp.
An ogre comes into view. It is wielding a +0 giant spiked club.
The ogre shouts!
The dart slug bites you. 😕 HP[-2]
You take 2 damage, and now have 54/57 hp.
You slash the dart slug!
You kill the dart slug! 😕 HP[+1]
You see here a dart slug corpse.
You hit the ogre. Your headbutt misses the ogre.
The ogre hits you with a +0 giant spiked club! 😮 HP[-16]
You take 16 damage, and now have 39/57 hp.
MASSIVE DAMAGE!! (PAUSE)
You slash the ogre!
The ogre hits you with a +0 giant spiked club!!
* * * LOW HITPOINT WARNING * * *
😨 HP[-21]
You take 21 damage, and now have 18/57 hp.
MASSIVE DAMAGE!! (PAUSE) It was a potion of haste.
You feel yourself speed up.
The ogre hits you with a +0 giant spiked club!
* * * LOW HITPOINT WARNING * * *
😱 HP[-17]
You take 17 damage, and now have 1/57 hp.
MASSIVE DAMAGE!! (PAUSE) It was a potion of curing.
You feel better. 😱 HP[+5]
You regained 5 hp, and now have 6/57 hp.
As you read the scroll labelled PUT MEZXORYCI, it crumbles to dust.
You feel strangely unstable.
It was a scroll of teleportation.
The ogre closely misses you.
As you read the scroll labelled ANOZURRENU, it crumbles to dust.
It is a scroll of identify.
g - 2 scrolls of blinking Really read
g - 2 scrolls of blinking {!r}?
Uppercase [Y]es or [N]o only, please.
Really read
g - 2 scrolls of blinking {!r}?
Blink to where?
Press: ? - help, Dir - move target
As you read the scroll of blinking {!r}, it crumbles to dust. 😱 HP[+1]
Your surroundings suddenly seem different.
You start resting.
Your extra speed is starting to run out.
You feel yourself slow down.
An ogre is nearby! 😮 HP[+29]
You regained 29 hp, and now have 36/57 hp.
An ogre is nearby!
The ogre shouts!
You are too injured to fight recklessly! 😮 HP[+1]
You hit the ogre.
You headbutt the ogre, but do no damage.
The ogre barely misses you.
You barely miss the ogre.
The ogre hits you with a +0 giant spiked club!
* * * LOW HITPOINT WARNING * * *
😨 HP[-11]
You take 11 damage, and now have 26/57 hp.
You barely miss the ogre.
The ogre hits you with a +0 giant spiked club!!
* * * LOW HITPOINT WARNING * * *
😱 HP[-19]
You take 19 damage, and now have 7/57 hp.
MASSIVE DAMAGE!! (PAUSE)
You feel better.
The ogre hits you with a +0 giant spiked club!!
You die...

Skill      XL: |  1  2  3  4  5  6 |
---------------+-------------------+-----
Fighting       | 4 5 6 |  6.0
Armour         | 4 5 |  5.0
Shields        | 4 |  4.9
Axes           | 3 4 |  4.1

Action                   |  1- 3 |  4- 6 || total
-------------------------+-------+-------++-------
Melee: War axe           |    76 |    48 ||   124
       Headbutt          |     9 |    10 ||    19
Throw: Stone             |       |     6 ||     6
  Use: Scroll            |       |     3 ||     3
       Potion            |       |     3 ||     3
Armor: Ring mail         |    13 |       ||    13
       Scale mail        |    24 |    19 ||    43
Dodge: Dodged            |    45 |    14 ||    59
Block: Buckler           |    23 |     6 ||    29

Levels and vault maps discovered:
D:1:      psy_arrival_statuary, layout_loops_ring, grunt_decor_resistance
D:2:      layout_basic, hellmonk_ecumenical_altar_watching_god, basic_altar,
          minmay_misc_feat_pillars, uniq_sigmund
D:3:      layout_rooms, minmay_checkerbox, uniq_jessica

Notes
Turn   | Place    | Note
-------+----------+-------------------------------------------
     0 | D:1      | 123 the Minotaur Fighter began the quest for the Orb.
     0 | D:1      | Reached XP level 1. HP: 19/19 MP: 0/0
   234 | D:1      | Reached XP level 2. HP: 23/27 MP: 1/1
   648 | D:1      | Reached skill level 4 in Fighting
   997 | D:2      | magus.rc [v1.9.6]
  1066 | D:2      | magus.rc [v1.9.6]
  1069 | D:2      | Reached skill level 4 in Armour
  1123 | D:2      | Reached skill level 4 in Shields
  1124 | D:2      | Reached XP level 3. HP: 33/33 MP: 2/2
  1139 | D:2      | Found a sparkling altar of Nemelex Xobeh.
  1172 | D:2      | magus.rc [v1.9.6]
  1178 | D:2      | Noticed an eye of devastation
  1180 | D:2      | Found a faded altar of an unknown god.
  1195 | D:2      | Noticed an eye of devastation
  1195 | D:2      | Noticed a golden eye
  1195 | D:2      | Noticed a golden eye
  1279 | D:2      | You add the spells Ignite Poison, Mephitic Cloud and
                  | Freezing Cloud to your library.
  1346 | D:2      | Reached skill level 3 in Axes
  1516 | D:2      | Noticed Sigmund
  1537 | D:2      | Killed Sigmund
  1538 | D:2      | Reached skill level 5 in Fighting
  1538 | D:2      | Reached XP level 4. HP: 31/42 MP: 3/3
  1538 | D:2      | Reached XP level 5. HP: 36/48 MP: 4/4
  1938 | D:3      | Reached skill level 4 in Axes
  2125 | D:3      | Noticed Jessica
  2130 | D:3      | Killed Jessica
  2131 | D:3      | Reached XP level 6. HP: 52/57 MP: 5/5
  2201 | D:3      | Reached skill level 6 in Fighting
  2201 | D:3      | Reached skill level 5 in Armour
  2275 | D:3      | HP: 1/57 [ogre/+0 giant spiked club (17)]
  2454 | D:3      | HP: 7/57 [ogre/+0 giant spiked club (19)]
  2455 | D:3      | Mangled by an ogre

Vanquished Creatures
  Sigmund (D:2)
  A hound (D:3)
  An orc priest (D:3)
  Jessica (D:3)
  An adder (D:2)
  3 dart slugs
  3 orcs (D:3)
  7 bats
  2 endoplasms (D:2)
  4 giant cockroaches
  3 goblins
  2 hobgoblins (D:1)
  10 jackals (D:2)
  4 quokkas
  3 ball pythons
  3 frilled lizards
  4 kobolds
  4 rats
57 creatures vanquished.

Table legend:
 A = Non-vault XP
 B = Vault XP
 C = Vault XP percentage of total XP
 D = Non-vault monster count
 E = Vault monster count
 F = Vault count percentage of total count
                 A         B        C        D         E       F
            +---------+---------+-------+---------+---------+-------
      Total |     191 |     264 |  58.0 |      51 |       6 |  10.5
            +---------+---------+-------+---------+---------+-------
        D:1 |      22 |       0 |   0.0 |      12 |       0 |   0.0
        D:2 |      59 |     220 |  78.9 |      26 |       1 |   3.7
        D:3 |     110 |      44 |  28.6 |      13 |       5 |  27.8
            +---------+---------+-------+---------+---------+-------

Illustrated notes

Table legend:
 A = Kills in this place as a percentage of kills in entire the game.
 B = Kills by you in this place as a percentage of kills by you in the entire game.
 C = Kills by friends in this place as a percentage of kills by friends in the entire game.
 D = Other kills in this place as a percentage of other kills in the entire game.
 E = Experience gained in this place as a percentage of experience gained in the entire game.
 F = Experience gained in this place divided by the number of levels of this place that you have seen.
                   A       B       C       D       E      F
               +-------+-------+-------+-------+-------+----------------------
         Total | 100.0 | 100.0 |   N/A |   N/A | 100.0 | 151.7
       Dungeon | 100.0 | 100.0 |   N/A |   N/A | 100.0 | 151.7
               +-------+-------+-------+-------+-------+----------------------

Table legend: (Time is in decaauts)
 A = Elapsed time spent in this place.
 B = Non-inter-level travel time spent in this place.
 C = Inter-level travel time spent in this place.
 D = Time resting spent in this place.
 E = Time spent auto-exploring this place.
 F = Levels seen in this place.
 G = Mean time per level.
                   A        B        C        D        E       F      G
               +--------+--------+--------+--------+--------+-----+--------+
         Total |   2487 |   2405 |     82 |    150 |   1330 |   3 |  829.0 |
       Dungeon |   2487 |   2405 |     82 |    150 |   1330 |   3 |  829.0 |
               +--------+--------+--------+--------+--------+-----+--------+

Top non-repeatable levels by time:
     D:1: 995 daAuts
     D:2: 899 daAuts
     D:3: 592 daAuts
